 Dungeon Crawl Stone Soup version 0.20.0-8-g6b59dc7 (webtiles) character file.

125182 Monsterracer the Basher (level 16, -14/105 HPs)
             Began as a Gargoyle Fighter on May 30, 2017.
             Was the Champion of Okawaru.
             Demolished by a tyrant leech (21 damage)
             ... on level 4 of the Swamp.
             The game lasted 01:09:13 (30786 turns).

Monsterracer the Basher (Gargoyle Fighter)         Turns: 30786, Time: 01:09:13

Health: -14/105    AC: 35    Str: 20    XL:     16   Next: 59%
Magic:  16/22      EV: 21    Int: 15    God:    Okawaru [******]
Gold:   1219       SH:  4    Dex: 14    Spells: 2/15 levels left

rFire    + + +     SeeInvis .   z - +4 great mace (drain)
rCold    + . .     Gourm    .   (shield currently unavailable)
rNeg     + . .     Faith    .   E - +3 scale mail of Nagus {*Slow rPois rF+++ rCorr}
rPois    ∞         Spirit   .   (helmet restricted)
rElec    +         Reflect  .   d - +2 cloak {+Inv}
rCorr    +         Harm     .   t - +0 pair of gloves "Fiesuc" {Int+4}
MR       +....                  J - +2 pair of boots
Stlth    ++........             h - amulet of rage
Regen    0.3/turn               m - +2 ring of evasion
MPRegen  0.2/turn               c - ring of protection from cold

@: heroism, finesse, flying, very slightly contaminated, hasted, invisible, very
quick
A: antennae 1, big wings, large bone plates 1, negative energy resistance 1,
electricity resistance, wild magic 1, unbreathing, petrification resistance, rot
immunity, AC +11
}: 1/15 runes: decaying
a: Stop Flying, Heroism, Finesse, Renounce Religion, Evoke Berserk Rage


You were on level 4 of the Swamp.
You worshipped Okawaru.
Okawaru was exalted by your worship.
You were near starving.

You visited 5 branches of the dungeon, and saw 23 of its levels.

You collected 2784 gold pieces.
You spent 1565 gold pieces at shops.

Inventory:

Hand Weapons
 q - a +1 flail of crushing
 z - a +4 great mace of draining (weapon)
Armour
 a - a +0 helmet
 d - a +2 cloak of invisibility (worn)
 t - the +0 pair of gloves "Fiesuc" (worn) {Int+4}
   (You found it on level 5 of the Dungeon)

   It affects your intelligence (+4).
 w - a scarf of cloud immunity
 E - the +3 scale mail of Nagus (worn) {*Slow rPois rF+++ rCorr}
   (Okawaru gifted it to you on level 1 of the Lair of Beasts)

   It renders you almost immune to fire.
   It protects you from poison.
   It protects you from acid and corrosion.
   It may slow you when you take damage.
 J - a +2 pair of boots (worn)
 N - a +2 shield of protection
Jewellery
 c - a ring of protection from cold (right hand)
 h - an amulet of rage (around neck)
 k - the amulet of Taxieff {Spirit Int+4}
   (You found it on level 4 of the Dungeon)

   [amulet of guardian spirit]

   It causes incoming damage to be split between your health and magic.
   It affects your intelligence (+4).
 m - a +2 ring of evasion (left hand)
 u - an uncursed ring of teleportation
Wands
 C - a wand of lightning (4/15)
 D - a wand of lightning (9/15)
 G - a wand of clouds (5/9)
 I - a wand of iceblast (3/15)
Scrolls
 e - 10 scrolls of remove curse
 i - 8 scrolls of identify
 l - 3 scrolls of blinking
 o - 2 scrolls of enchant weapon
 p - 2 scrolls of teleportation
 x - 2 scrolls of recharging
 y - a scroll of silence
 A - 2 scrolls of fear
 B - 2 scrolls of fog
Potions
 b - a potion of invisibility
 n - 10 potions of curing
 v - 3 potions of mutation
 F - 7 potions of heal wounds
 H - a potion of haste
Books
 s - a book of Battle

   Spells                             Type                      Level
   a - Infusion                       Charms                       1
   b - Shroud of Golubria             Charms/Translocation         2
   c - Song of Slaying                Charms                       2
   d - Spectral Weapon                Hexes/Charms                 3
   e - Regeneration                   Charms/Necromancy            3
Comestibles
 f - 10 bread rations
 g - 9 meat rations
 j - 11 royal jellies
 r - 8 fruits


   Skills:
 + Level 13.6(18.6) Fighting
 + Level 14.2(19.2) Maces & Flails
 + Level 14.0(19.0) Armour
 + Level 10.3(15.3) Dodging
 + Level 13.4(18.4) Shields
 - Level 8.0 Invocations


You had 2 spell levels left.
You knew the following spells:

 Your Spells              Type           Power        Failure   Level  Hunger
a - Silence               Hex/Air        #.........   100%        5    ######.
b - Deflect Missiles      Chrm/Air       #.........   100%        6    #######
c - Shroud of Golubria    Chrm/Tloc      #.........   69%         2    ###....


Dungeon Overview and Level Annotations

Branches:
Dungeon (9/15)             Temple (0/1) D:5            Lair (6/6) D:9
  Swamp (4/4) Lair:2       Spider (2/4) Lair:4        Slime (0/5) Lair:6
    Orc (2/2) D:9             Elf (0/3) Orc:2

Altars:
Ashenzari
Dithmenos
Elyvilon
Fedhas
Gozag
Hepliaklqana
Nemelex Xobeh
Okawaru
Sif Muna
Trog
Yredelemnul
Zin
The Shining One
Beogh

Shops:
Orc:1 [   Orc:2 [!*

Annotations:
Lair:6 exclusion: 4 oklob plants
Spider:2 Arachne


Innate Abilities, Weirdness & Mutations

You are resistant to torment.
Your stone body is resilient. (AC +11)
You are immune to poison.
Your large and strong wings let you fly indefinitely.
You resist negative energy. (rN+)
You are resistant to electric shocks. (rElec)
You can survive without breathing.
You are immune to petrification.
You are immune to rotting.
You have a pair of small antennae on your head.
You are partially covered in large bone plates. (SH +4)
Your spells are a little harder to cast, but a little more powerful.


Message History

The 27-headed Lernaean hydra barely misses you.
The 27-headed Lernaean hydra completely misses you.
Unknown command.
You strike the helpless 27-headed Lernaean hydra from behind!
You bludgeon the 27-headed Lernaean hydra!!
You drain the 27-headed Lernaean hydra!
The 27-headed Lernaean hydra is almost dead.
You flatten the 27-headed Lernaean hydra like a pancake!!!
You kill the 27-headed Lernaean hydra!
Okawaru is honoured by your kill. The six-headed hydra misses you. x2
The six-headed hydra bites you but does no damage.
You block the six-headed hydra's attack.
The six-headed hydra bites you but does no damage.
The six-headed hydra completely misses you.
You catch the helpless tyrant leech completely off-guard!
You bludgeon the tyrant leech!!
The tyrant leech is heavily wounded.
The tyrant leech bites you!!
You die...

#.≈≈..≈..P'≈♣ ♣♣≈.≈≈.♣♣
#⌠...#≈/P.#.♣ ♣≈♣♣≈...♣♣♣
##.###.#....♣ ♣♣♣♣.§≈≈≈.♣♣♣
#⌠≈≈.#≈≈P...♣ ♣..§≈≈≈≈.≈♣♣♣
#.≈...≈≈P...♣ ♣♣♣≈≈≈.≈≈≈≈.♣♣
#≈..(.(.(≈#≈♣♣ ♣♣♣♣≈...≈≈≈≈≈♣♣
#..8.≈≈.≈≈.≈≈♣ ♣≈.[≈≈.≈≈≈≈≈≈≈♣
#..≈≈......≈≈♣♣♣♣.≈≈..≈≈≈≈≈≈≈≈♣
#..8..≈k≈.##..§†@w....≈≈≈≈≈≈≈.♣
#..≈...f....≈≈≈D≈.♣.≈.≈≈≈≈≈≈.≈♣
...8/..P...#≈≈≈≈≈.♣.≈.≈≈≈≈..(.♣♣
.≈P.≈..P..≈#≈≈≈≈≈♣..≈§≈≈≈.≈.≈≈≈♣
...###......≈≈≈≈.≈≈.≈≈....≈≈≈≈.♣
.(.≈§≈.##....≈≈..≈§.≈≈...≈≈≈≈≈.♣
♣♣♣♣♣♣♣♣♣♣♣≈...♣♣♣≈♣.≈†≈≈..≈≈.♣♣
♣♣.♣♣♣ ♣♣...≈≈.≈.♣♣♣♣ ♣♣♣
♣♣≈≈≈≈≈..≈♣♣


You could see a six-headed hydra and a tyrant leech.

Vanquished Creatures
  the Lernaean hydra (Swamp:4)
  3 thorn hunters
  A very ugly thing (Swamp:1)
  A fire dragon (Lair:6)
  4 ogre magi (Orc:2)
  19 hydras
  12 two-headed ogres
  A ghost crab (Swamp:2)
  8 alligators
  5 spriggan druids
  The ghost of stringdemon the Grappler, a novice VSTm of Vehumet (D:9)
  10 swamp dragons
  A shambling mangrove (Swamp:3)
  3 orc knights
  A lindwurm (Lair:6)
  An orb spider (Spider:1)
  7 wolf spiders
  An orc sorcerer (Orc:1)
  2 ugly things
  2 black mambas
  12 elephants (Lair:6)
  15 spiny frogs
  4 torpor snails (Lair:6)
  2 rime drakes
  3 demonic crawlers (Spider:1)
  6 komodo dragons
  4 jumping spiders (Spider:1)
  2 trolls (Orc:2)
  15 hornets
  Grinder (D:6)
  10 tyrant leeches
  7 hippogriffs
  18 blink frogs
  15 bog bodies
  5 spriggans
  Sigmund (D:2)
  14 redbacks (Spider:1)
  6 shadows
  4 tarantellas (Spider:1)
  2 wyverns
  44 yaks
  3 basilisks
  2 hogs (D:8)
  The ghost of UnlimitedFusion the Shield-Bearer, an amateur FoFi (D:4)
  A human (D:8)
  A steam dragon (Lair:4)
  A hungry ghost (D:5)
  8 vampire mosquitoes
  26 swamp worms
  4 wargs
  An insubstantial wisp (Swamp:2)
  20 water moccasins
  9 porcupines
  15 swamp drakes
  23 orc warriors
  2 ice beasts
  A black bear (D:6)
  28 ogres
  A phantom (D:4)
  21 wolves
  6 centaurs
  15 crocodiles
  A big kobold (D:8)
  A wyvern zombie (D:7)
  10 bullfrogs
  2 scorpions
  7 killer bees
  3 wights
  An electric eel (Lair:2)
  4 howler monkeys
  A centaur zombie (D:9)
  A bullfrog zombie (D:5)
  Crazy Yiuf (D:2)
  3 jellies
  26 orc wizards
  16 orc priests
  2 bullfrog skeletons
  Natasha (thrice) (D:4)
  2 iguanas (D:5)
  9 worker ants
  2 hound skeletons
  2 worker ant zombies
  10 adders
  4 shadow imps
  2 oozes
  An adder zombie (D:5)
  2 adder skeletons
  8 worms
  4 dart slugs
  4 leopard geckos
  89 orcs
  4 bats
  6 giant cockroaches
  2 gnoll zombies (D:6)
  5 hobgoblins
  7 jackals
  6 quokkas
  3 ball pythons
  4 frilled lizards
  11 goblins
  A jackal skeleton (D:4)
  12 kobolds
  A quokka skeleton (D:4)
  A quokka zombie (D:5)
  9 rats
  4 plants (Lair:2)
760 creatures vanquished.

Vanquished Creatures (others)
  A hornet (Swamp:2)
  A bog body (Swamp:2)
  5 insubstantial wisps (Swamp:2)
  An orc wizard (D:7)
  2 orcs (Orc:1)
  2 briar patches (Swamp:3)
  A bush (Swamp:4)
  12 fungi
  23 plants
  6 toadstools (Swamp:3)
54 creatures vanquished.

Grand Total: 814 creatures vanquished

Notes
Turn   | Place    | Note
-------+----------+-------------------------------------------
     0 | D:1      | Monsterracer the Gargoyle Fighter began the quest for the Orb.
     0 | D:1      | Reached XP level 1. HP: 14/14 MP: 1/1
   237 | D:1      | Reached XP level 2. HP: 19/19 MP: 2/2
   617 | D:2      | Found a shattered altar of Ashenzari.
   631 | D:2      | Noticed Sigmund
   643 | D:2      | Killed Sigmund
   643 | D:2      | Reached skill level 5 in Maces & Flails
   643 | D:2      | Reached XP level 3. HP: 18/23 MP: 3/3
   643 | D:2      | Reached XP level 4. HP: 22/28 MP: 4/4
   643 | D:2      | Reached XP level 5. HP: 26/32 MP: 5/5
   809 | D:2      | Found a runed door.
   906 | D:2      | Found a shattered altar of Ashenzari.
  1265 | D:2      | Noticed Crazy Yiuf
  1272 | D:2      | Killed Crazy Yiuf
  1272 | D:2      | Reached XP level 6. HP: 35/37 MP: 6/6
  1384 | D:3      | Found an iron altar of Okawaru.
  1399 | D:3      | Became a worshipper of Warmaster Okawaru
  2114 | D:3      | Found an opulent altar of Gozag.
  2263 | D:4      | Noticed UnlimitedFusion's ghost (amateur FoFi)
  2283 | D:4      | Killed UnlimitedFusion's ghost
  2283 | D:4      | Reached skill level 1 in Invocations
  2283 | D:4      | Reached XP level 7. HP: 30/42 MP: 7/7
  2620 | D:4      | Noticed Natasha
  2637 | D:4      | Killed Natasha
  2637 | D:4      | Reached skill level 1 in Dodging
  2781 | D:4      | Noticed Natasha
  2787 | D:4      | Killed Natasha
  2957 | D:4      | Noticed Natasha
  2962 | D:4      | Killed Natasha
  3002 | D:4      | Got a shimmering iron amulet
  3022 | D:4      | Found a white marble altar of Elyvilon.
  3024 | D:4      | Identified the amulet of Taxieff {Spirit Int+4} (You found it on level 4 of the Dungeon)
  3164 | D:4      | Reached * piety under Okawaru
  3164 | D:4      | Reached XP level 8. HP: 41/48 MP: 7/9
  3218 | D:4      | Found a glowing silver altar of Zin.
  3555 | D:5      | Entered Level 5 of the Dungeon
  3679 | D:5      | Found a staircase to the Ecumenical Temple.
  3813 | D:5      | Paralysed by fainting for 10 turns
  3914 | D:5      | Got a pair of jewelled gloves
  3925 | D:5      | Identified the cursed +0 pair of gloves "Fiesuc" {Int+4} (You found it on level 5 of the Dungeon)
  4084 | D:5      | Reached ** piety under Okawaru
  4167 | D:5      | Found a white marble altar of Elyvilon.
  4293 | D:5      | Reached skill level 5 in Armour
  4296 | D:5      | Reached skill level 5 in Shields
  4392 | D:5      | Reached XP level 9. HP: 53/53 MP: 11/11
  4416 | D:5      | Reached skill level 5 in Fighting
  4426 | D:5      | Gained mutation: You have a pair of small antennae on your head. [potion of mutation]
  4426 | D:5      | Gained mutation: Your spells are a little harder to cast, but a little more powerful. [potion of mutation]
  4426 | D:5      | Gained mutation: You are partially covered in large bone plates. (SH +4) [potion of mutation]
  5044 | D:6      | Noticed Grinder
  5057 | D:6      | Killed Grinder
  5057 | D:6      | Reached *** piety under Okawaru
  5066 | D:6      | Found a sparkling altar of Nemelex Xobeh.
  5381 | D:6      | Found a basalt altar of Yredelemnul.
  5693 | D:7      | Reached skill level 5 in Invocations
  5711 | D:7      | Found a glowing golden altar of the Shining One.
  5945 | D:7      | Found a shadowy altar of Dithmenos.
  6235 | D:7      | Found a deep blue altar of Sif Muna.
  6525 | D:8      | Reached XP level 10. HP: 57/60 MP: 11/13
  6602 | D:8      | Found a hazy altar of Hepliaklqana.
  6749 | D:8      | Noticed a two-headed ogre
  6784 | D:8      | Killed a two-headed ogre
  6784 | D:8      | Reached **** piety under Okawaru
  7422 | D:9      | Noticed stringdemon's ghost (novice VSTm)
  7428 | D:9      | Reached skill level 10 in Maces & Flails
  7467 | D:9      | Killed stringdemon's ghost
  7467 | D:9      | Reached ***** piety under Okawaru
  7638 | D:9      | Found a staircase to the Lair.
  7691 | D:9      | Learned a level 5 spell: Silence
  7760 | D:9      | Reached XP level 11. HP: 46/66 MP: 5/15
  8227 | D:9      | Found a roughly hewn altar of Beogh.
  8229 | D:9      | Found a staircase to the Orcish Mines.
  8331 | D:9      | Noticed a red ugly thing
  8331 | D:9      | Found a blossoming altar of Fedhas.
  8345 | D:9      | Killed a red ugly thing
  8599 | D:9      | Noticed a moth of wrath
  8602 | D:9      | Found a bloodstained altar of Trog.
  8694 | Lair:1   | Entered Level 1 of the Lair of Beasts
  8719 | Lair:1   | Received a gift from Okawaru
  8924 | Lair:1   | Reached skill level 5 in Dodging
  9715 | Lair:1   | Received a gift from Okawaru
  9718 | Lair:1   | Got a bloodstained scale mail {god gift}
  9729 | Lair:1   | Identified the +3 scale mail of Nagus {*Slow rPois rF+++ rCorr} (Okawaru gifted it to you on level 1 of the Lair of Beasts)
 10623 | Lair:2   | Reached XP level 12. HP: 43/73 MP: 11/17
 11372 | Lair:2   | Found a staircase to the Swamp.
 12808 | Lair:3   | Received a gift from Okawaru
 13756 | Lair:4   | Found a hole to the Spider Nest.
 14612 | Lair:5   | Received a gift from Okawaru
 14617 | Lair:5   | Got a smoking mace {god gift}
 14618 | Lair:5   | Identified the +10 mace of Tension {venom, *Rage MR+ Str+2 Int+2} (Okawaru gifted it to you on level 5 of the Lair of Beasts)
 15053 | Lair:5   | Reached XP level 13. HP: 76/80 MP: 17/19
 15193 | Lair:5   | Learned a level 6 spell: Deflect Missiles
 15594 | Lair:6   | Entered Level 6 of the Lair of Beasts
 15889 | Lair:6   | Found a staircase to the Slime Pits.
 16014 | Lair:6   | Reached ****** piety under Okawaru
 16049 | Lair:6   | Received a gift from Okawaru
 16049 | Lair:6   | Reached skill level 10 in Armour
 16084 | Lair:6   | Got a twisted flail {god gift}
 16085 | Lair:6   | Identified the +1 flail of the Evil Eye {flame, rElec} (Okawaru gifted it to you on level 6 of the Lair of Beasts)
 16490 | Lair:6   | Reached skill level 10 in Shields
 16959 | Lair:6   | Found a runed door.
 16992 | Lair:6   | Noticed a fire dragon
 17019 | Lair:6   | Killed a fire dragon
 17019 | Lair:6   | Received a gift from Okawaru
 17025 | Lair:6   | Got a shimmering mace {god gift}
 17026 | Lair:6   | Identified the +1 mace of Causality {crush, rF+} (Okawaru gifted it to you on level 6 of the Lair of Beasts)
 17131 | Lair:6   | Reached skill level 10 in Fighting
 17685 | Lair:6   | Gained mutation: Your large and strong wings let you fly indefinitely. [Gargoyle growth]
 17685 | Lair:6   | Reached XP level 14. HP: 81/88 MP: 17/20
 17835 | Lair:6   | Received a gift from Okawaru
 17980 | Lair:6   | Identified Suoladi's Reference Book on Attacks
 17999 | Lair:6   | Learned a level 2 spell: Shroud of Golubria
 18551 | Orc:1    | Entered Level 1 of the Orcish Mines
 19236 | Orc:1    | Found Wuipseut's Antique Armour Emporium.
 19327 | Orc:1    | Bought a pitted plate armour for 840 gold pieces
 19327 | Orc:1    | Bought a runed shield for 225 gold pieces
 19348 | Orc:1    | Identified the +1 plate armour of Feasting {*Slow rElec Dex+4 SInv} (You bought it in a shop on level 1 of the Orcish Mines)
 20165 | Orc:2    | Entered Level 2 of the Orcish Mines
 20398 | Orc:2    | Found a staircase to the Elven Halls.
 20514 | Orc:2    | Received a gift from Okawaru
 20794 | Orc:2    | Found Fyma's Distillery.
 20794 | Orc:2    | Found Hikas's Book Shop.
 20795 | Orc:2    | Found Sazicuck's Antique Armour Boutique.
 20795 | Orc:2    | Found Ible Wil's Assorted Antiques.
 20827 | Orc:2    | Bought a potion of heal wounds for 75 gold pieces
 20827 | Orc:2    | Bought a potion of heal wounds for 75 gold pieces
 20828 | Orc:2    | Bought a potion of haste for 230 gold pieces
 20829 | Orc:2    | Bought a potion of mutation for 120 gold pieces
 21529 | Lair:2   | Received a gift from Okawaru
 21560 | Swamp:1  | Entered Level 1 of the Swamp
 21705 | Swamp:1  | Noticed a green very ugly thing
 21750 | Swamp:1  | Killed a green very ugly thing
 21750 | Swamp:1  | Reached XP level 15. HP: 87/96 MP: 19/21
 24262 | Swamp:3  | Noticed a thorn hunter
 25321 | Swamp:4  | Entered Level 4 of the Swamp
 25365 | Swamp:4  | Noticed a thorn hunter
 25420 | Swamp:3  | Received a gift from Okawaru
 25580 | Swamp:3  | Killed a thorn hunter
 26449 | Swamp:4  | Killed a thorn hunter
 26450 | Swamp:4  | Noticed a thorn hunter
 26967 | Swamp:4  | Killed a thorn hunter
 27083 | Swamp:4  | Reached XP level 16. HP: 43/103 MP: 15/22
 27368 | Swamp:4  | Received a gift from Okawaru
 27722 | Swamp:4  | Noticed the 27-headed Lernaean hydra
 28613 | Spider:1 | Entered Level 1 of the Spider Nest
 28706 | Spider:1 | Reached skill level 10 in Dodging
 29219 | Spider:1 | You are sucked into a shaft!
 29235 | Spider:2 | Noticed Arachne
 29921 | Swamp:4  | Got a decaying rune of Zot
 30785 | Swamp:4  | Killed the 27-headed Lernaean hydra
 30786 | Swamp:4  | Demolished by a tyrant leech

Skill      XL: |  1  2  3  4  5  6  7  8  9 10 11 12 13 14 15 16 |
---------------+-------------------------------------------------+-----
Maces & Flails | 5 6 7 8 9 10 11 12 13 14 | 14.2
Invocations    | 1 2 3 5 6 7 8 |  8.0
Dodging        | 1 2 3 4 5 6 7 8 9 10 | 10.3
Fighting       | 4 5 6 7 8 10 11 12 13 | 13.6
Shields        | 4 5 6 7 8 9 10 11 12 13 | 13.4
Armour         | 4 5 6 7 8 9 10 12 13 14 | 14.0

Action                   |  1- 3 |  4- 6 |  7- 9 | 10-12 | 13-15 | 16-18 || total
-------------------------+-------+-------+-------+-------+-------+-------++-------
Melee: Flail             |    65 |   191 |   560 |  1335 |  2361 |   541 ||  5053
       Great mace        |       |       |       |       |       |     7 ||     7
Invok: Heroism           |       |       |     4 |     7 |    17 |     4 ||    32
       Finesse           |       |       |       |     1 |     5 |     2 ||     8
 Abil: Evoke Berserk Rag |       |     1 |       |       |       |       ||     1
       Fly               |       |       |       |       |     1 |       ||     1
Evoke: Wand              |       |       |       |       |     1 |       ||     1
  Use: Potion            |     1 |     5 |     5 |     3 |     1 |     4 ||    19
       Scroll            |       |     9 |     5 |     5 |     6 |     4 ||    29
 Stab: Invisible         |       |     1 |       |       |       |     2 ||     3
       Confused          |       |       |       |       |     2 |     1 ||     3
       Distracted        |       |       |       |       |       |     1 ||     1
  Eat: Chunk             |       |     5 |    18 |    28 |    37 |     5 ||    93
       Fruit             |       |       |       |     1 |     6 |     6 ||    13
Armor: Scale mail        |    21 |    16 |       |   208 |   871 |   466 ||  1582
       Plate armour      |       |    84 |   296 |   259 |       |       ||   639
Dodge: Dodged            |    19 |    14 |    93 |   407 |  1140 |   522 ||  2195
Block: Shield            |    36 |    84 |   306 |   951 |  1996 |   740 ||  4113
       Other             |       |       |       |       |       |     6 ||     6
